 Dungeon Crawl Stone Soup version 0.21-a0-110-g8e1637b (webtiles) character file.

231 nikopol the Firebug (level 5, -10/28 HPs)
             Began as a Deep Elf Fire Elementalist on July 7, 2017.
             Killed from afar by an orc wizard (11 damage)
             ... with a magic dart
             ... on level 3 of the Dungeon.
             The game lasted 00:11:11 (2122 turns).

nikopol the Firebug (Deep Elf Fire Elementalist)    Turns: 2122, Time: 00:11:12

Health: -10/28     AC:  3    Str:  5    XL:     5   Next: 73%
Magic:  19/23      EV: 13    Int: 21    God:
Gold:   115        SH:  0    Dex: 15    Spells: 11/14 levels left

rFire    . . .     SeeInvis .   f - +0 dagger
rCold    . . .     Gourm    .   (no shield)
rNeg     . . .     Faith    .   a - +0 robe
rPois    .         Spirit   .   (no helmet)
rElec    .         Reflect  .   (no cloak)
rCorr    .         Harm     .   q - +0 pair of gloves
MR       .....     Rnd*Tele +   (no boots)
Stlth    ++........             (no amulet)
HPRegen  0.09/turn              h - ring of teleportation (curse)
MPRegen  0.18/turn              p - ring of magical power

@: no status effects
A: no striking features
a: no special abilities


You were on level 3 of the Dungeon.
You were near starving.

You visited 1 branch of the dungeon, and saw 3 of its levels.
You also visited: Sewer.

You collected 115 gold pieces.

Inventory:

Hand Weapons
 f - a +0 dagger (weapon)
Armour
 a - a +0 robe (worn)
 q - a +0 pair of gloves (worn)
Jewellery
 h - a cursed ring of teleportation (left hand)
 p - a ring of magical power (right hand)
Scrolls
 j - 3 scrolls of teleportation {unknown}
 k - a scroll of recharging {unknown}
 l - a scroll of enchant weapon {unknown}
Potions
 d - 3 potions of heal wounds
 e - a potion of haste {unknown}
 g - 2 potions of curing
 i - 2 potions of agility {unknown}
 o - a potion of ambrosia {unknown}
Books
 b - a book of Flames

   Spells                             Type                      Level
   a - Flame Tongue                   Conjuration/Fire             1
   b - Throw Flame                    Conjuration/Fire             2
   c - Conjure Flame                  Conjuration/Fire             3
   d - Inner Flame                    Hexes/Fire                   3
   e - Sticky Flame                   Conjuration/Fire             4
   f - Fireball                       Conjuration/Fire             5
Comestibles
 c - a bread ration
 n - 5 chunks of flesh


   Skills:
 + Level 2.7 Dodging
 + Level 2.9 Stealth
 + Level 5.1 Spellcasting
 + Level 2.8 Conjurations
 + Level 5.2 Fire Magic


You had 11 spell levels left.
You knew the following spells:

 Your Spells              Type           Power        Failure   Level  Hunger
a - Flame Tongue          Conj/Fire      ###..        1%          1    None
b - Throw Flame           Conj/Fire      ###...       3%          2    None


Dungeon Overview and Level Annotations

Branches:
Dungeon (3/15)

Altars:


Message History

Casting: Flame Tongue
Confirm with . or Enter, or press ? or * to list all spells.
Aiming: Flame Tongue
Press: ? - help, Shift-Dir - straight line, f - orc
Aim: an orc, wielding a short sword and wearing a leather armour The flame tongue hits the orc.
You kill the orc!
The orc priest calls down the wrath of Beogh upon you.
Beogh smites you!
* * * LOW HITPOINT WARNING * * *
Casting: Flame Tongue
Confirm with . or Enter, or press ? or * to list all spells.
Aiming: Flame Tongue
Press: ? - help, Shift-Dir - straight line, f - orc
Aim: an orc, wielding a dagger and wearing a leather armour The flame tongue hits the orc.
You kill the orc!
A magic dart appears from out of thin air!
The magic dart hits you!
You die...

##^..........#
#...........#
#...........#
#...........+
#...........#
#...o!......#
###.o.....#.#
#)#######.#
###@#######.
#...........
###..#......
#..# .....
##.# .... #.#
... #.# ##
#####.#
#.....#


You could see an orc priest and an orc.

Vanquished Creatures
  Purgy (Sewer)
  7 adders
  2 river rats (D:3)
  An ooze (D:1)
  3 worms
  A leopard gecko (D:1)
  2 orcs (D:3)
  6 bats
  2 giant cockroaches
  3 goblins
  5 hobgoblins
  2 ball pythons
  11 frilled lizards
  A kobold (D:2)
  4 rats
51 creatures vanquished.

Vanquished Creatures (others)
  A dart slug (D:1)
1 creature vanquished.

Grand Total: 52 creatures vanquished

Notes
Turn   | Place    | Note
-------+----------+-------------------------------------------
     0 | D:1      | nikopol the Deep Elf Fire Elementalist began the quest for the Orb.
     0 | D:1      | Reached XP level 1. HP: 10/10 MP: 6/6
   408 | D:1      | Reached XP level 2. HP: 15/15 MP: 5/8
   412 | D:1      | Learned a level 2 spell: Throw Flame
  1016 | D:2      | Reached XP level 3. HP: 16/19 MP: 5/10
  1741 | D:3      | Reached XP level 4. HP: 24/24 MP: 12/12
  1775 | D:3      | Found a glowing drain.
  1799 | Sewer    | Entered a sewer
  1933 | Sewer    | Noticed Purgy
  1938 | Sewer    | Killed Purgy
  1938 | Sewer    | Reached skill level 5 in Spellcasting
  1938 | Sewer    | Reached skill level 5 in Fire Magic
  1938 | Sewer    | Reached XP level 5. HP: 28/28 MP: 14/14
  2121 | D:3      | HP: 1/28 [orc priest/divine providence (12)]
  2122 | D:3      | Killed from afar by an orc wizard

Vault maps used:
D:1:      saegor_arrival_miasma
D:3:      cheibrodos_sewer_entry_sluice, uniq_sigmund
Sewer:    sewer_co_purgy_island

Skill      XL: |  1  2  3  4 |
---------------+-------------+-----
Fire Magic     | 4 5 |  5.2
Conjurations   | 2 |  2.8
Spellcasting   | 4 5 |  5.1
Dodging        | |  2.7
Stealth        | |  2.9

Action                   |  1- 3 |  4- 6 || total
-------------------------+-------+-------++-------
 Cast: Flame Tongue      |    65 |    22 ||    87
       Throw Flame       |     4 |    10 ||    14
  Use: Scroll            |     5 |       ||     5
       Potion            |       |     1 ||     1
  Eat: Chunk             |     2 |       ||     2
Armor: Robe              |     1 |     6 ||     7
Dodge: Dodged            |     9 |    17 ||    26
